 Dungeon Crawl Stone Soup version 0.30-a0-422-g946f4849ff (webtiles) character file.

Game seed: 3081711521302826933

105726 zishaf the Impassioned (level 16, -1/91 HPs)
             Began as a Vine Stalker Brigand on Dec 8, 2022.
             Was a Believer of Uskayaw.
             Slain by a meliai
             ... wielding a +0 war axe
              (3 damage)
             ... on level 14 of the Dungeon.
             The game lasted 00:47:33 (20332 turns).

zishaf the Impassioned (Vine Stalker Brigand)      Turns: 20332, Time: 00:47:34

Health: -1/91      AC: 18    Str: 24    XL:     16   Next: 42%
Magic:  0/30       EV: 11    Int: 17    God:    Uskayaw [**....]
Gold:   164        SH: 17    Dex: 26    Spells: 15/15 levels left

rFire   + . .      SeeInvis +    a - +11 dagger "Wilarr" {vamp, Str-2 Int+3 Dex+7}
rCold   . . .      Faith    .    U - +5 kite shield of Love and Death {Str+4 Int+3}
rNeg    . . .      Spirit   +    H - +5 chain mail of Etiaxkeh {-Tele Rampage rF+}
rPois   .          Reflect  .    G - +0 helmet
rElec   .          Harm     .    c - +0 cloak
rCorr   .          Rampage  +    R - +0 pair of gloves {Str+3}
Will    ++...      NoTele   +    Y - +1 pair of boots
Stlth   ++........               M - amulet of regeneration
HPRegen 1.95/turn                x - +4 ring of evasion
MPRegen 0.22/turn                E - ring of see invisible

@: studying Shields
A: fangs 3, regeneration 1, magic shield, antimagic bite, no potion heal 2
a: Renounce Religion, Stomp, Line Pass


You were on level 14 of the Dungeon.
You worshipped Uskayaw.
Uskayaw was most pleased with you.
You visited 4 branches of the dungeon, and saw 22 of its levels.
You also visited: Ice Cave.

You collected 2260 gold pieces.
You spent 2096 gold pieces at shops.

Inventory:

Hand Weapons
 a - the +11 dagger "Wilarr" (weapon) {vamp, Str-2 Int+3 Dex+7}
   (You found it on level 5 of the Lair of Beasts)

   It occasionally heals its wielder for a portion of the damage dealt when it
   wounds a living foe.
   Str:       It affects your strength (-2).
   Int:       It affects your intelligence (+3).
   Dex:       It affects your dexterity (+7).
 F - the +7 dagger of Nonaib {vorpal, rC+ Str+4}
   (You found it on level 11 of the Dungeon)

   It inflicts extra damage upon your enemies.
   Str:       It affects your strength (+4).
   rC:        It protects you from cold.
Missiles
 b - 4 silver javelins
 d - 47 poisoned darts
 e - 9 curare-tipped darts
 B - 6 javelins
 L - a throwing net
 Q - 16 boomerangs (quivered)
Armour
 c - a +0 cloak (worn)
 G - a +0 helmet (worn)
 H - the +5 chain mail of Etiaxkeh (worn) {-Tele Rampage rF+}
   (You found it on level 7 of the Dungeon)

   rF:        It protects you from fire.
   -Tele:     It prevents most forms of teleportation.
   Rampage:   It bestows one free step when moving towards enemies.
 R - a +0 pair of gloves of strength (worn)
 U - the +5 kite shield of Love and Death (worn) {Str+4 Int+3}
   (You bought it in a shop on level 2 of the Orcish Mines)

   Str:       It affects your strength (+4).
   Int:       It affects your intelligence (+3).
 Y - a +1 pair of boots (worn)
Jewellery
 l - a ring of protection from cold
 x - a +4 ring of evasion (left hand)
 E - a ring of see invisible (right hand)
 J - a ring of flight
 M - an amulet of regeneration (around neck)
Wands
 n - a wand of mindburst (6)
 s - a wand of iceblast (34)
 y - a wand of light (15)
 A - a wand of flame (37)
 P - a wand of polymorph (4)
 S - a wand of digging (5)
Scrolls
 f - 3 scrolls of silence
 g - 2 scrolls of brand weapon
 i - 2 scrolls of poison
 u - 10 scrolls of teleportation
 w - 2 scrolls of fear
 D - 4 scrolls of magic mapping
 K - 3 scrolls of butterflies
 O - 4 scrolls of blinking
 T - 4 scrolls of enchant armour
 W - a scroll of enchant weapon
Potions
 h - 3 potions of magic
 j - a potion of resistance {unknown}
 k - 2 potions of attraction
 m - a potion of cancellation
 o - 2 potions of lignification
 p - 9 potions of curing
 q - 6 potions of brilliance
 r - 6 potions of flight
 t - 2 potions of mutation {unknown}
 v - 4 potions of ambrosia
 z - 4 potions of degeneration {unknown}
 C - 10 potions of haste
 I - 2 potions of might {unknown}
 X - 2 potions of invisibility {unknown}
Miscellaneous
 N - a phial of floods


   Skills:
 + Level 13.5 Fighting
 - Level 8.0 Short Blades
 - Level 6.0 Throwing
 - Level 1.0 Dodging
 + Level 9.9 Stealth
 + Level 6.2 Shields
 * Level 18.3 Invocations
 + Level 10.0 Evocations


You had 15 spell levels left.
You didn't know any spells.
Your spell library contained the following spells:

 Spells                   Type           Power      Damage    Failure   Level
 Freeze                   Ice            0%         1d3       99%         1
 Magic Dart               Conj           0%         1d3       99%         1
 Slow                     Hex            0%         N/A       99%         1
 Cigotuvi's Dreadful Rot  Necr/Pois/Air  0%         N/A       100%        2
 Passwall                 Tmut/Erth      0%         N/A       100%        2
 Searing Ray              Conj           0%         2d4       100%        2
 Confusing Touch          Hex            0%         N/A       100%        3
 Frozen Ramparts          Ice            0%         1d1       100%        3
 Hailstorm                Conj/Ice       0%         3d3       100%        3
 Summon Guardian Golem    Hex/Summ       0%         N/A       100%        3
 Vampiric Draining        Necr           0%         2d6       100%        3
 Animate Dead             Necr           0%         N/A       100%        4
 Dispel Undead            Necr           0%         3d6       100%        4
 Fulminant Prism          Conj/Hex       0%         3d5       100%        4
 Petrify                  Tmut/Erth      0%         N/A       100%        4
 Blade Hands              Tmut           0%         N/A       100%        5
 Irradiate                Conj/Tmut      0%         3d11      100%        5
 Death Channel            Necr           0%         N/A       100%        6
 Iron Shot                Conj/Erth      0%         9d1       100%        6
 Dragon Form              Tmut           0%         N/A       100%        7
 Haunt                    Necr/Summ      0%         N/A       100%        7
 Orb of Destruction       Conj           0%         9d5       100%        7
 Spellforged Servitor     Conj/Summ      0%         N/A       100%        7
 Infestation              Necr           0%         N/A       100%        8
 Shatter                  Erth           0%         3d5*      100%        9


Dungeon Overview and Level Annotations

Branches:
Dungeon (14/15)            Temple (1/1) D:7            Lair (5/5) D:11
  Swamp (0/4) Lair:2       Spider (0/4) Lair:2        Slime (0/5) Lair:5
    Orc (2/2) D:11            Elf (0/3) Orc:2        Vaults (0/5) D:13
  IceCv (visited)

Altars:
Ashenzari
Cheibriados
Dithmenos
Elyvilon
Fedhas
Gozag
Hepliaklqana
Kikubaaqudgha
Makhleb
Okawaru
Ru
Sif Muna
Trog
Uskayaw
Wu Jian
Xom
Yredelemnul
Zin
The Shining One
Jiyva

Shops:
D:3 ?   D:10 *(:(*   D:11 ?   D:12 ?   D:13 ((   Orc:2 (=[*:

Annotations:
D:6 dig money


Innate Abilities, Weirdness & Mutations

You have razor-sharp teeth.
Your natural rate of healing is unusually fast.
When hurt, damage is shared between your health and your magic reserves.
Your bite disrupts and absorbs the magic of your enemies.
Potions cannot restore your health.


Message History

You are too injured to fight recklessly!
You hit the meliai. You bite the meliai, but do no damage.
The meliai is almost dead.
You feel very sick. The meliai hits you with a +0 hand axe!
* * * LOW HITPOINT WARNING * * *
You block the meliai's attack. x3
The meliai hits you with a +0 broad axe!!
* * * LOW HITPOINT WARNING * * *
The meliai stings you.
* * * LOW HITPOINT WARNING * * *
You hit the meliai.
You feel better.
You bite the meliai.
You kill the meliai!
You feel very sick. You block the meliai's attack. The meliai stings you.
* * * LOW HITPOINT WARNING * * *
You block the meliai's attack. The meliai stings you.
* * * LOW HITPOINT WARNING * * *
The meliai hits you but does no damage.
The meliai stings you but does no damage.
The meliai barely misses you. You block the meliai's attack.
Your system rejects the healing.
You feel better. You block the meliai's attack.
The meliai stings you but does no damage.
The meliai hits you but does no damage.
The meliai stings you but does no damage.
You block the meliai's attack. x2; The meliai barely misses you.
The meliai stings you but does no damage.
Aiming: Bolt of Light
Press: ? - help, Shift-Dir - straight line, f - meliai
Aim: a meliai, wielding a +0 war axe and wearing a +0 robe (64% to hit)
The bolt of light hits the meliai!!
The meliai is severely wounded.
The meliai is blinded.
You block the meliai's attack. The meliai barely misses you.
The meliai invokes the aid of its god against you.
Something smites you!
* * * LOW HITPOINT WARNING * * *
The meliai hits you with a +0 war axe.
You die...

#.......'...+
#.......#####
#.......'...+
#+#.#####.###
# +.....#
###...##
##...##
##...###
##.@y.#
##)y......
#.......#
........#
.........
.....#....
#..$###...
#..## ...


You could see 2 meliai.

Vanquished Creatures
  Rupert (D:12)
  Kirke (D:14)
  Agnes (D:14)
  A frost giant (IceCv)
  2 orc warlords (Orc:2)
  Snorg (D:12)
  Josephine (Lair:5)
  A vault guard (D:13)
  The ghost of Ahpoh the Carver, a journeyman GrGl of Okawaru (Lair:2)
  The ghost of McGhostyFace the Nimble, a journeyman GnWn of Ashenzari (D:10)
  A rakshasa (D:8)
  A hydra (Lair:3)
  6 boulder beetles
  The ghost of SirDiesAlot the Grappler, a novice TrGl of Gozag (D:8)
  A centaur warrior (D:13)
  5 catoblepae
  3 two-headed ogres
  3 orc high priests
  21 death yaks
  Sonja (Lair:2)
  4 skeletal warriors (D:14)
  A deep elf pyromancer (D:9)
  A wizard (D:12)
  8 orc knights
  6 ugly things
  5 manticores
  9 orc sorcerers
  2 cyclopes
  27 elephants
  5 black mambas
  An ice statue (IceCv)
  A torpor snail (Lair:5)
  Maurice (Orc:1)
  4 molten gargoyles
  2 unseen horrors (D:13)
  12 cane toads
  A gargoyle (D:13)
  10 komodo dragons
  6 rime drakes (IceCv)
  A meliai (D:14)
  10 trolls
  9 polar bears
  A queen bee (shapeshifter) (D:13)
  A hornet (D:8)
  12 blink frogs
  Grinder (D:3)
  6 slime creatures
  6 dream sheep (Lair:5)
  5 wraiths
  A ynoxinul (D:10)
  5 wyverns
  59 yaks
  6 basilisks
  A hog (shapeshifter) (D:8)
  A redback (shapeshifter) (D:14)
  A death yak simulacrum (D:12)
  A steam dragon (shapeshifter) (D:13)
  10 vampire mosquitoes
  4 wargs
  Menkaure (D:6)
  2 hogs (D:14)
  17 water moccasins
  Duvessa (D:4)
  30 orc warriors
  An ice beast (D:8)
  2 black bears
  34 wolves
  A centaur (D:9)
  6 ogres
  2 phantoms
  Blork the orc (D:6)
  4 kobold brigands
  2 gnoll sergeants (D:10)
  9 bullfrogs
  2 necrophages (D:6)
  4 scorpions
  A cane toad simulacrum (D:12)
  5 wights (D:10)
  Dowan (D:4)
  An elephant simulacrum (D:12)
  4 killer bees
  13 howler monkeys
  2 electric eels (D:8)
  5 quasits (D:8)
  A lava snake (D:9)
  3 gnoll boudas
  4 hounds
  3 jellies
  29 orc priests
  Ijyb (D:3)
  Terence (D:3)
  4 iguanas
  25 orc wizards
  2 troll simulacra (D:12)
  A spriggan simulacrum (D:12)
  A polar bear simulacrum (D:12)
  19 gnolls
  7 adders
  A naga simulacrum (D:12)
  5 white imps
  4 worms
  4 dart slugs
  79 orcs
  5 ball pythons
  10 bats
  8 endoplasms
  6 giant cockroaches
  11 goblins
  10 hobgoblins
  11 jackals
  37 kobolds
  5 quokkas
  4 frilled lizards
  10 rats
763 creatures vanquished.

Vanquished Creatures (others)
  An orc priest (Orc:2)
  An ufetubus (D:8)
  33 fungi
  30 plants
65 creatures vanquished.

Grand Total: 828 creatures vanquished

Notes
Turn   | Place    | Note
-------+----------+-------------------------------------------
     0 | D:1      | zishaf the Vine Stalker Brigand began the quest for the
                  | Orb.
     0 | D:1      | Reached XP level 1. HP: 11/11 MP: 2/2
   131 | D:1      | Reached skill level 1 in Dodging
   131 | D:1      | Reached XP level 2. HP: 15/15 MP: 3/3
   144 | D:1      | Reached skill level 5 in Stealth
   370 | D:1      | Reached XP level 3. HP: 17/18 MP: 4/4
   415 | D:1      | You fall into a shaft and drop 1 floor!
   757 | D:1      | Found a faded altar of an unknown god.
   813 | D:1      | Gained mutation: Your natural rate of healing is unusually
                  | fast. [Vine Stalker growth]
   813 | D:1      | Reached XP level 4. HP: 14/23 MP: 5/5
  1625 | D:3      | Noticed Ijyb
  1642 | D:3      | Killed Ijyb
  1643 | D:3      | Reached XP level 5. HP: 27/27 MP: 6/6
  1688 | D:3      | Found Uler's Magic Scroll Shop.
  1690 | D:3      | Noticed Terence
  1697 | D:3      | Killed Terence
  1726 | D:3      | Bought a scroll of teleportation for 33 gold pieces
  2082 | D:3      | Found an ancient bone altar of Kikubaaqudgha.
  2112 | D:3      | Noticed Grinder
  2116 | D:3      | Reached XP level 6. HP: 31/32 MP: 5/7
  2116 | D:3      | Paralysed by Grinder for 2 turns
  2123 | D:3      | Paralysed by Grinder for 4 turns
  2131 | D:3      | Killed Grinder
  2204 | D:3      | Noticed a moth of wrath
  2207 | D:3      | Found a bloodstained altar of Trog.
  2347 | D:3      | Bought a scroll of fear for 44 gold pieces
  2464 | D:4      | Reached XP level 7. HP: 36/36 MP: 8/8
  2826 | D:4      | Noticed Dowan
  2844 | D:4      | Killed Dowan
  2857 | D:4      | Noticed Duvessa
  2863 | D:4      | Killed Duvessa
  3014 | D:4      | Found a glowing golden altar of the Shining One.
  3071 | D:5      | Entered Level 5 of the Dungeon
  3086 | D:5      | Found a shadowy altar of Dithmenos.
  3116 | D:5      | Found an opulent altar of Gozag.
  3130 | D:5      | Reached skill level 1 in Evocations
  3392 | D:5      | Gained mutation: You have razor-sharp teeth. [Vine Stalker
                  | growth]
  3392 | D:5      | Reached XP level 8. HP: 42/42 MP: 9/9
  3964 | D:6      | Found a snail-covered altar of Cheibriados.
  4047 | D:6      | Found a glowing silver altar of Zin.
  4132 | D:6      | Noticed Menkaure
  4135 | D:6      | Killed Menkaure
  4175 | D:6      | Noticed Blork the orc
  4178 | D:6      | Killed Blork the orc
  4179 | D:6      | Reached skill level 5 in Fighting
  4179 | D:6      | Reached skill level 5 in Short Blades
  4613 | D:7      | Reached XP level 9. HP: 48/48 MP: 10/10
  4699 | D:7      | Found a staircase to the Ecumenical Temple.
  4709 | D:7      | Identified the +5 chain mail of Etiaxkeh {-Tele Rampage
                  | rF+}
  4715 | Temple   | Entered the Ecumenical Temple
  4763 | Temple   | Became a worshipper of Uskayaw the Reveller
  4822 | D:7      | Reached * piety under Uskayaw
  4829 | D:7      | Reached ** piety under Uskayaw
  4877 | D:6      | Reached skill level 1 in Invocations
  4877 | D:6      | Reached *** piety under Uskayaw
  4879 | D:6      | Reached **** piety under Uskayaw
  4910 | D:6      | Reached skill level 2 in Invocations
  4957 | D:7      | Found an iron altar of Okawaru.
  5266 | D:8      | Found a hazy altar of Hepliaklqana.
  5307 | D:8      | Found a shimmering blue altar of Sif Muna.
  5362 | D:8      | Found a broken altar of Ashenzari.
  5399 | D:8      | Noticed SirDiesAlot's ghost (novice TrGl)
  5404 | D:8      | Reached skill level 3 in Invocations
  5439 | D:8      | Found a transporter.
  5525 | D:8      | Reached skill level 4 in Invocations
  5815 | D:8      | Noticed a hornet
  5823 | D:8      | Killed a hornet
  5855 | D:8      | Reached skill level 5 in Invocations
  5950 | D:8      | Found a transporter.
  5963 | D:8      | Noticed a polar bear
  5965 | D:8      | Noticed a polar bear
  5980 | D:8      | Killed a polar bear
  5998 | D:8      | Killed a polar bear
  5999 | D:8      | Reached skill level 6 in Invocations
  6279 | D:8      | Reached XP level 10. HP: 52/55 MP: 15/15
  6474 | D:9      | Noticed a rakshasa
  6475 | D:9      | Noticed a purple ugly thing
  6476 | D:9      | Noticed a deep elf pyromancer
  6508 | D:8      | Killed a purple ugly thing
  6509 | D:8      | Reached skill level 7 in Invocations
  6681 | D:8      | Killed a rakshasa
  6755 | D:9      | Killed a deep elf pyromancer
  6756 | D:9      | Reached skill level 8 in Invocations
  6901 | D:9      | Noticed a molten gargoyle
  6930 | D:9      | Killed a molten gargoyle
  6965 | D:9      | Noticed a molten gargoyle
  6988 | D:9      | Killed a molten gargoyle
  6989 | D:9      | Reached skill level 9 in Invocations
  7002 | D:9      | Noticed a molten gargoyle
  7060 | D:8      | Killed a molten gargoyle
  7094 | D:9      | Noticed a molten gargoyle
  7152 | D:9      | Killed a molten gargoyle
  7153 | D:9      | Reached XP level 11. HP: 42/60 MP: 12/19
  7399 | D:9      | Reached skill level 10 in Invocations
  7484 | D:10     | Entered Level 10 of the Dungeon
  7488 | D:10     | Found Wemnoo's Book Shop.
  7511 | D:10     | Noticed McGhostyFace's ghost (journeyman GnWn)
  7517 | D:10     | Found a runed translucent door.
  7549 | D:10     | Found Ocvemera's Assorted Antiques.
  7672 | D:10     | Noticed a red ugly thing
  7695 | D:10     | Killed a red ugly thing
  7726 | D:10     | Found Pomecutz's Weapon Emporium.
  7729 | D:10     | Bought 2 curare-tipped darts for 19 gold pieces
  7896 | D:10     | Found Orecaxt's Antique Weapon Shop.
  7948 | D:10     | Identified the amulet of Bomnuis {RegenMP Str-4 Int+5}
  8018 | D:10     | Found Etoudob's General Store.
  8047 | D:10     | Found a burning altar of Makhleb.
  8207 | D:10     | Killed McGhostyFace's ghost
  8208 | D:10     | Reached skill level 1 in Shields
  8214 | D:10     | Got the Lectures on Grit
  8442 | D:8      | Killed SirDiesAlot's ghost
  8606 | D:11     | Found a staircase to the Lair.
  8719 | D:11     | Noticed a two-headed ogre
  8727 | D:11     | Killed a two-headed ogre
  8797 | D:11     | Noticed a cyclops
  8812 | D:11     | Killed a cyclops
  8813 | D:11     | Reached skill level 11 in Invocations
  8813 | D:11     | Reached skill level 5 in Evocations
  8842 | D:11     | Found a staircase to the Orcish Mines.
  8848 | D:11     | Noticed an orc knight
  8853 | D:11     | Noticed an orc knight
  8866 | D:11     | Reached ***** piety under Uskayaw
  8888 | D:11     | Killed an orc knight
  8893 | D:11     | Reached ****** piety under Uskayaw
  8900 | D:11     | Killed an orc knight
  9127 | D:11     | Found Ovaijora's Magic Scroll Shop.
  9179 | D:11     | Identified the +7 dagger of Nonaib {vorpal, rC+ Str+4}
  9331 | D:12     | Noticed Rupert
  9345 | D:12     | Noticed a red ugly thing
  9349 | D:12     | Killed Rupert
  9349 | D:12     | Noticed a manticore
  9350 | D:12     | Reached XP level 12. HP: 17/67 MP: 5/21
  9369 | D:12     | Reached skill level 12 in Invocations
  9408 | D:12     | Noticed Snorg
  9421 | D:12     | Killed Snorg
  9446 | D:12     | Reached skill level 10 in Fighting
  9459 | D:12     | Found a frozen archway.
  9478 | IceCv    | Entered an ice cave
  9517 | IceCv    | Noticed a death yak
  9518 | IceCv    | Noticed a death yak
  9532 | IceCv    | Killed a death yak
  9532 | IceCv    | Killed a death yak
  9574 | IceCv    | Noticed a death yak
  9592 | IceCv    | Killed a death yak
  9595 | IceCv    | Noticed a death yak
  9613 | IceCv    | Killed a death yak
  9613 | IceCv    | Noticed a death yak
  9622 | IceCv    | Killed a death yak
  9623 | IceCv    | Reached skill level 5 in Shields
  9623 | IceCv    | Reached skill level 13 in Invocations
  9895 | IceCv    | Noticed a death yak
  9913 | IceCv    | Killed a death yak
  9914 | IceCv    | Reached XP level 13. HP: 60/72 MP: 20/23
  9979 | IceCv    | Noticed a frost giant
 10055 | IceCv    | Killed a frost giant
 10403 | D:12     | Found Qanis's Magic Scroll Emporium.
 10548 | D:12     | Reached skill level 14 in Invocations
 11061 | Lair:1   | Entered Level 1 of the Lair of Beasts
 11880 | Lair:2   | You fall into a shaft and drop 1 floor!
 11905 | Lair:2   | Reached skill level 15 in Invocations
 11938 | Lair:2   | Found a staircase to the Swamp.
 12008 | Lair:2   | Found a runed translucent door.
 12075 | Lair:2   | Noticed Ahpoh's ghost (journeyman GrGl)
 12090 | Lair:2   | Reached XP level 14. HP: 66/79 MP: 20/26
 12185 | Lair:2   | Found a hole to the Spider Nest.
 12593 | Lair:2   | Noticed Sonja
 12601 | Lair:2   | Killed Sonja
 12874 | Lair:2   | Killed Ahpoh's ghost
 13269 | Lair:3   | Reached skill level 5 in Throwing
 13726 | Lair:3   | Reached skill level 16 in Invocations
 15063 | Lair:5   | Entered Level 5 of the Lair of Beasts
 15134 | Lair:5   | Reached XP level 15. HP: 61/85 MP: 28/28
 15231 | Lair:5   | Found an ornate altar of the Wu Jian Council.
 15622 | Lair:5   | Noticed Josephine
 15640 | Lair:5   | Reached skill level 17 in Invocations
 15640 | Lair:5   | Killed Josephine
 15901 | Lair:5   | Identified the +10 mace of Eternal Vigilance {vorpal, SInv}
 16144 | Lair:5   | Identified the +11 dagger "Wilarr" {vamp, Str-2 Int+3
                  | Dex+7}
 16413 | Lair:5   | Found a viscous altar of Jiyva.
 16413 | Lair:5   | Found a staircase to the Slime Pits.
 16761 | Orc:1    | Entered Level 1 of the Orcish Mines
 16761 | Orc:1    | Noticed Maurice
 16768 | Orc:1    | Killed Maurice
 17435 | Orc:2    | Entered Level 2 of the Orcish Mines
 17469 | Orc:2    | Noticed an orc warlord
 17480 | Orc:2    | Killed an orc warlord
 18111 | Orc:2    | Found a staircase to the Elven Halls.
 18376 | Orc:2    | Noticed an orc warlord
 18386 | Orc:2    | Reached XP level 16. HP: 87/87 MP: 25/29
 18422 | Orc:2    | Found Enobar's Self-Improvement Boutique.
 18430 | Orc:2    | Reached skill level 18 in Invocations
 18592 | Orc:2    | Found Asybaaj's General Store.
 18593 | Orc:2    | Found Lecapeyh's Jewellery Emporium.
 18595 | Orc:2    | Found Ameitz's Antique Armour Emporium.
 18595 | Orc:2    | Found Mitsax's Antique Weapon Shoppe.
 18763 | Orc:2    | Bought a buzzing kite shield for 313 gold pieces
 18763 | Orc:2    | Identified the +5 kite shield of Love and Death {Str+4
                  | Int+3} (You bought it in a shop on level 2 of the Orcish
                  | Mines)
 18823 | Orc:2    | Bought a manual of Shields for 1440 gold pieces
 18872 | Orc:2    | Bought a pair of runed gloves for 247 gold pieces
 19295 | D:13     | Found Etwutyo's Antique Weapon Shoppe.
 19441 | D:13     | Found Diugi's Weapon Boutique.
 19695 | D:13     | Identified the +5 spear "Wat Vije" {holy, +Blink rPois
                  | Str-5 Int+7}
 19705 | D:13     | Found a gate to the Vaults.
 20228 | D:14     | Noticed Kirke
 20239 | D:14     | Killed Kirke
 20240 | D:14     | Reached skill level 10 in Evocations
 20258 | D:14     | Noticed Agnes
 20270 | D:14     | Killed Agnes
 20332 | D:14     | HP: 2/91 [meliai/divine providence (10)]
 20332 | D:14     | Slain by a meliai

Illustrated notes

Levels and vault maps discovered:
D:1:      dpeg_arrival_morbid_curiosity, layout_basic,
          hellmonk_ecumenical_altar_prayer_group, minmay_misc_feat_nine_boxes,
          minmay_pentomino_w4
D:2:      layout_rooms, roderic_malta_cross
D:3:      minmay_diamond_boxcup, layout_basic,
          nicolae_kikubaaqudgha_miasma_corner, tgw_trog, serial_shops, shop,
          uniq_terence, uniq_grinder, uniq_ijyb
D:4:      layout_basic, tso_oasis_becter, uniq_duvessa
D:5:      layout_basic, lemuel_crystal_altar, grunt_dithmenos_smoke_and_mirrors,
          serial_bayou_pond_e
D:6:      layout_loops_ring, zin_treasury, kennysheep_slug_shrine,
          uniq_blork_the_orc, uniq_menkaure
D:7:      layout_cave_pools, mainiacjoe_overflow_brackets,
          minmay_temple_entry_large_hall
D:8:      layout_basic, mainiacjoe_overflow_large_starburst,
          mainiacjoe_overflow_catwalk, serial_ice, serial_ice_m, serial_ice_c,
          serial_ice_a, serial_ice_f, gammafunk_ghost_stat_death,
          kennysheep_generic_room_13
D:9:      minmay_bloctagon_deflated, layout_cave_pools, minivault_8
D:10:     layout_basic, lemuel_tele_altar, serial_shops, kennysheep_mini_moat,
          shop, shop, nicolae_shop_temple_entry_statues_fountains,
          nicolae_shop_overgrown_old_shop, hellmonk_ghost_big_iron
D:11:     layout_loops_cross, lair_entry_dummy, david_orc_5, serial_shops, shop
D:12:     layout_loops_ring, serial_shops, shop,
          portal_ice_cave_entry_ice_simulacra, uniq_rupert, uniq_snorg
D:13:     layout_layer_cave, david_vaults_5, serial_shops,
          nicolae_shop_hallway_plus, shop
D:14:     layout_layer_cave, nicolae_kite_square_tiling_large,
          nicolae_ru_awakened_eye, uniq_agnes, uniq_kirke
Temple:   nicolae_temple_two_arcs
Lair:1:   layout_roguey, serial_bayou_shore_b
Lair:2:   layout_loops_ring, minmay_swamp_entry_swarm, spider_nest_entry_a,
          hellmonk_ghost_happy_afterlife, uniq_sonja
Lair:3:   layout_small_grid, beast_lair_carwin_9
Lair:4:   layout_regular_city, lemuel_fruit_tree, grunt_megastairs_4
Lair:5:   evilmike_catoblepas_cave, layout_layer_cave, dpeg_slime_entry_corner,
          basic_altar, uniq_josephine
Orc:1:    layout_caves, uniq_maurice
Orc:2:    st_orc_congregation, layout_caves, nicolae_shop_self_help

Skill      XL: |  1  2  3  4  5  6  7  8  9 10 11 12 13 14 15 16 |
---------------+-------------------------------------------------+-----
Dodging        | 1 |  1.0
Stealth        | 5 6 7 9 |  9.9
Short Blades   | 2 3 4 5 6 7 8 |  8.0
Throwing       | 2 3 4 6 |  6.0
Fighting       | 2 3 4 5 7 8 9 10 11 12 13 | 13.5
Evocations     | 1 4 5 7 8 9 10 | 10.0
Invocations    | 6 9 11 13 15 16 17 18 | 18.3
Shields        | 3 5 6 |  6.2

Action                   |  1- 3 |  4- 6 |  7- 9 | 10-12 | 13-15 | 16-18 || total
-------------------------+-------+-------+-------+-------+-------+-------++-------
Melee: Dagger            |   114 |   153 |   275 |   660 |  1565 |   271 ||  3038
       Bite              |    19 |    49 |   102 |   257 |   754 |   142 ||  1323
       Punch             |       |       |     5 |     6 |       |       ||    11
Throw: Dart              |       |    13 |    21 |    13 |     6 |       ||    53
       Boomerang         |       |       |       |       |     9 |    15 ||    24
Invok: Grand Finale      |       |       |       |     1 |     5 |     1 ||     7
       Line Pass         |       |       |       |     1 |       |       ||     1
Evoke: Wand              |       |     3 |     1 |     6 |     8 |     1 ||    19
  Use: Scroll            |       |     7 |     7 |     6 |     3 |       ||    23
       Potion            |       |       |     1 |     3 |     2 |     1 ||     7
 Stab: Sleeping          |     8 |     7 |    10 |       |       |     2 ||    27
       Invisible         |       |       |     2 |     5 |     3 |       ||    10
       Distracted        |       |       |     3 |    12 |     1 |       ||    16
       Paralysed         |       |       |     2 |    39 |   110 |    12 ||   163
       Confused          |       |       |       |     1 |       |       ||     1
       Petrifying        |       |       |       |       |     3 |       ||     3
       Petrified         |       |       |       |       |     2 |       ||     2
Armor: Robe              |     4 |       |       |       |       |       ||     4
       Ring mail         |    45 |    54 |    26 |       |       |       ||   125
       Chain mail        |       |       |   118 |   263 |   527 |   115 ||  1023
Dodge: Dodged            |    58 |    57 |   149 |   229 |   513 |    79 ||  1085
Block: Buckler           |       |       |       |    63 |   350 |    17 ||   430
       Kite shield       |       |       |       |       |       |   166 ||   166

Table legend: (Time is in decaauts)
 A = Elapsed time spent in this place.
 B = Non-inter-level travel time spent in this place.
 C = Inter-level travel time spent in this place.
 D = Time resting spent in this place.
 E = Time spent auto-exploring this place.
 F = Levels seen in this place.
 G = Mean time per level.
                   A        B        C        D        E       F      G
               +--------+--------+--------+--------+--------+-----+--------+
         Total |  19569 |  18194 |   1375 |   1312 |  11954 |  23 |  850.8 |
       Dungeon |  11590 |  10740 |    850 |    757 |   7257 |  14 |  827.9 |
        Temple |     59 |     50 |      9 |      0 |     25 |   1 |   59.0 |
          Lair |   5319 |   4994 |    325 |    163 |   3506 |   5 | 1063.8 |
  Orcish Mines |   1810 |   1619 |    191 |    344 |    791 |   2 |  905.0 |
      Ice Cave |    789 |    789 |      0 |     48 |    375 |   1 |  789.0 |
               +--------+--------+--------+--------+--------+-----+--------+

Top non-repeatable levels by time:
     D:8: 1707 daAuts
  Lair:5: 1435 daAuts
  Lair:2: 1068 daAuts
    D:11: 1056 daAuts
     D:1: 1029 daAuts
  Lair:4: 985 daAuts
    D:13: 956 daAuts
  Lair:3: 945 daAuts
   Orc:2: 921 daAuts
     D:3: 889 daAuts
   Orc:1: 889 daAuts
  Lair:1: 884 daAuts
    D:12: 879 daAuts
     D:6: 878 daAuts
   IceCv: 789 daAuts
